[ AOE2 MATCH · #494890967 ]
UnrankedItalians vs Bulgarians
Player's team · WIN
Rival team · LOSS
[ REPLAY ANALYSIS · EXTRACTED FROM THE RECORDED GAME ]
Feudal
10:47
Castle
20:52
Imperial
37:52
| APM avg | 25.2 |
| APM peak | 51 |
| eAPM avg | 15.4 |
| Villagers / military | 68 / 56 |
Focus
⚔️ 31.1% · 🌾 68.9%
Genoese Crossbowman ×24 · Fishing Ship ×18 · Archer ×14 · Militia ×9 · Monk ×3 · Mangonel ×2
Feudal
10:17
Castle
22:52
Imperial
—
| APM avg | 22.3 |
| APM peak | 45 |
| eAPM avg | 14.1 |
| Villagers / military | 81 / 44 |
Focus
⚔️ 21.6% · 🌾 78.4%
Fishing Ship ×21 · Skirmisher ×16 · Militia ×13 · Knight ×12 · Spearman ×3
Match map
Initial resources + every placement click. Lines = walls · curves = elevation contours. ◆ gold · ⬟ stone · ● berries · ✦ relic · ◌ wall gap
Your base· Open — unwalled flank
CARLOMAGNO's base· Open — unwalled flank
Smoothed initial terrain · ◌ = detected wall gap · hover for details
Inputs per minute
— whythelongfaceimahorse - - CARLOMAGNO
Build order — whythelongfaceimahorse
First 150 of 230 actions detected
| 0:23 | Build | Dock |
| 0:25 | Build | House |
| 0:54 | Build | Town Center |
| 2:25 | Create | Villager (Male) |
| 2:25 | Create | Villager (Male) |
| 2:26 | Create | Villager (Male) |
| 2:26 | Create | Villager (Male) |
| 2:26 | Create | Villager (Male) |
| 2:28 | Research | Loom |
| 2:32 | Build | House |
| 2:40 | Create | Villager (Male) |
| 2:41 | Create | Villager (Male) |
| 2:41 | Create | Villager (Male) |
| 2:41 | Create | Villager (Male) |
| 3:20 | Create | Villager (Male) |
| 3:21 | Create | Villager (Male) |
| 4:00 | Build | House |
| 4:03 | Create | Villager (Male) |
| 4:06 | Create | Villager (Male) |
| 4:39 | Create | Villager (Male) |
| 4:44 | Create | Villager (Male) |
| 4:49 | Create | Fishing Ship |
| 5:14 | Create | Villager (Male) |
| 5:19 | Create | Fishing Ship |
| 5:40 | Create | Villager (Male) |
| 5:44 | Build | House |
| 6:06 | Create | Villager (Male) |
| 6:10 | Create | Fishing Ship |
| 6:12 | Create | Fishing Ship |
| 6:21 | Create | Villager (Male) |
| 6:35 | Create | Villager (Male) |
| 6:42 | Create | Fishing Ship |
| 6:56 | Build | House |
| 6:57 | Build | House |
| 7:32 | Create | Fishing Ship |
| 7:39 | Create | Fishing Ship |
| 7:46 | Create | Villager (Male) |
| 8:10 | Create | Villager (Male) |
| 8:13 | Build | Lumber Camp |
| 8:37 | Research | Feudal Age |
| 9:53 | Build | Mill |
| 10:04 | Create | Fishing Ship |
| 10:05 | Create | Fishing Ship |
| 10:12 | Create | Villager (Male) |
| 10:20 | Build | Barracks |
| 10:28 | Build | Palisade Wall |
| 10:33 | Create | Villager (Male) |
| 10:43 | Create | Villager (Male) |
| 10:47 | Age | Feudal Age |
| 11:12 | Create | Villager (Male) |
| 11:44 | Build | Barracks |
| 12:15 | Build | Palisade Wall |
| 12:33 | Build | Archery Range |
| 12:48 | Research | Man-at-Arms (upgrade) |
| 13:09 | Create | Archer |
| 13:10 | Create | Archer |
| 13:10 | Create | Archer |
| 13:23 | Build | House |
| 13:36 | Create | Archer |
| 13:36 | Create | Archer |
| 14:04 | Create | Militia |
| 14:05 | Create | Militia |
| 14:05 | Create | Militia |
| 14:13 | Build | Watch Tower |
| 14:34 | Create | Militia |
| 14:34 | Create | Militia |
| 14:47 | Create | Villager (Male) |
| 14:51 | Build | House |
| 14:53 | Build | Blacksmith |
| 15:20 | Create | Archer |
| 15:20 | Create | Archer |
| 15:23 | Create | Militia |
| 15:29 | Create | Militia |
| 15:33 | Build | House |
| 15:37 | Create | Archer |
| 15:46 | Create | Archer |
| 15:48 | Create | Archer |
| 15:50 | Build | House |
| 15:51 | Create | Archer |
| 15:57 | Create | Villager (Male) |
| 15:58 | Create | Villager (Male) |
| 16:02 | Create | Militia |
| 17:01 | Create | Militia |
| 17:04 | Research | Forging |
| 17:07 | Research | Fletching |
| 17:14 | Create | Archer |
| 17:51 | Research | Forging |
| 18:12 | Research | Castle Age |
| 18:38 | Create | Villager (Male) |
| 18:53 | Build | Dock |
| 19:10 | Research | Padded Archer Armor |
| 19:11 | Create | Villager (Male) |
| 19:44 | Create | Fishing Ship |
| 19:44 | Create | Fishing Ship |
| 20:06 | Build | Market |
| 20:09 | Build | Mining Camp |
| 20:13 | Create | Villager (Male) |
| 20:18 | Build | House |
| 20:19 | Build | House |
| 20:21 | Build | House |
| 20:52 | Age | Castle Age |
| 21:12 | Research | Crossbowman (upgrade) |
| 21:31 | Create | Archer |
| 21:37 | Create | Archer |
| 21:49 | Build | Monastery |
| 21:54 | Build | Stable |
| 21:56 | Create | Villager (Male) |
| 21:58 | Create | Villager (Male) |
| 22:25 | Create | Monk |
| 22:43 | Build | Town Center |
| 22:46 | Create | Villager (Male) |
| 22:47 | Create | Villager (Male) |
| 23:17 | Create | Villager (Male) |
| 24:07 | Build | Castle |
| 24:10 | Create | Villager (Male) |
| 24:11 | Create | Villager (Male) |
| 24:13 | Research | Wheelbarrow |
| 24:13 | Create | Villager (Male) |
| 24:49 | Build | Siege Workshop |
| 24:51 | Create | Villager (Male) |
| 25:20 | Research | Tech 906 |
| 25:23 | Create | Genoese Crossbowman |
| 25:23 | Create | Genoese Crossbowman |
| 25:24 | Create | Genoese Crossbowman |
| 25:24 | Create | Genoese Crossbowman |
| 25:24 | Create | Genoese Crossbowman |
| 25:32 | Create | Villager (Male) |
| 25:51 | Create | Genoese Crossbowman |
| 25:56 | Build | University |
| 26:02 | Research | Double-Bit Axe |
| 26:08 | Create | Genoese Crossbowman |
| 26:09 | Create | Genoese Crossbowman |
| 26:23 | Create | Genoese Crossbowman |
| 26:23 | Create | Genoese Crossbowman |
| 26:24 | Create | Genoese Crossbowman |
| 26:36 | Create | Genoese Crossbowman |
| 26:53 | Research | Bodkin Arrow |
| 26:53 | Research | Bodkin Arrow |
| 27:32 | Research | Ballistics |
| 27:45 | Create | Villager (Male) |
| 28:03 | Build | House |
| 28:07 | Build | Palisade Wall |
| 28:29 | Create | Monk |
| 28:44 | Create | Genoese Crossbowman |
| 28:44 | Create | Genoese Crossbowman |
| 28:44 | Create | Genoese Crossbowman |
| 28:51 | Create | Fishing Ship |
| 28:56 | Create | Genoese Crossbowman |
| 28:57 | Create | Genoese Crossbowman |
| 29:01 | Build | Farm |
Build order — CARLOMAGNO
First 150 of 256 actions detected
| 0:57 | Build | Town Center |
| 3:03 | Create | Villager (Male) |
| 3:03 | Create | Villager (Male) |
| 3:04 | Create | Villager (Male) |
| 3:04 | Create | Villager (Male) |
| 3:04 | Create | Villager (Male) |
| 3:08 | Build | House |
| 3:09 | Build | House |
| 3:37 | Create | Villager (Male) |
| 3:45 | Build | House |
| 4:27 | Build | Mill |
| 4:33 | Create | Villager (Male) |
| 4:34 | Create | Villager (Male) |
| 4:34 | Create | Villager (Male) |
| 6:05 | Create | Villager (Male) |
| 6:06 | Create | Villager (Male) |
| 6:31 | Create | Villager (Male) |
| 6:57 | Build | Dock |
| 7:02 | Create | Villager (Male) |
| 7:03 | Create | Villager (Male) |
| 7:38 | Build | House |
| 7:42 | Research | Loom |
| 7:44 | Research | Feudal Age |
| 7:53 | Create | Fishing Ship |
| 7:53 | Create | Fishing Ship |
| 7:53 | Create | Fishing Ship |
| 8:04 | Build | House |
| 8:07 | Build | House |
| 8:14 | Create | Villager (Male) |
| 8:42 | Build | Lumber Camp |
| 9:32 | Create | Villager (Male) |
| 9:40 | Build | Barracks |
| 10:02 | Create | Fishing Ship |
| 10:13 | Create | Militia |
| 10:13 | Create | Militia |
| 10:13 | Create | Militia |
| 10:14 | Create | Militia |
| 10:17 | Age | Feudal Age |
| 10:34 | Research | Double-Bit Axe |
| 10:44 | Create | Fishing Ship |
| 11:09 | Create | Villager (Male) |
| 11:10 | Create | Villager (Male) |
| 11:10 | Create | Villager (Male) |
| 11:31 | Build | Mining Camp |
| 12:01 | Build | Watch Tower |
| 12:27 | Create | Villager (Male) |
| 12:27 | Create | Villager (Male) |
| 12:27 | Create | Villager (Male) |
| 12:39 | Build | Watch Tower |
| 12:49 | Create | Militia |
| 12:49 | Create | Militia |
| 12:49 | Create | Militia |
| 13:00 | Build | Farm |
| 13:05 | Build | Dock |
| 13:07 | Create | Fishing Ship |
| 13:07 | Create | Fishing Ship |
| 13:08 | Create | Fishing Ship |
| 13:17 | Build | House |
| 13:24 | Create | Villager (Male) |
| 13:24 | Create | Villager (Male) |
| 13:31 | Build | House |
| 13:32 | Build | House |
| 14:05 | Research | Arson |
| 14:20 | Build | Watch Tower |
| 15:08 | Create | Villager (Male) |
| 15:09 | Create | Villager (Male) |
| 15:09 | Create | Villager (Male) |
| 15:09 | Create | Villager (Male) |
| 15:29 | Create | Villager (Male) |
| 15:49 | Create | Militia |
| 15:50 | Create | Militia |
| 16:09 | Build | Watch Tower |
| 16:17 | Create | Villager (Male) |
| 16:26 | Build | Mill |
| 16:37 | Build | Market |
| 16:54 | Create | Militia |
| 16:55 | Create | Militia |
| 16:55 | Create | Militia |
| 17:22 | Create | Villager (Male) |
| 17:47 | Create | Villager (Male) |
| 17:47 | Create | Villager (Male) |
| 17:50 | Build | House |
| 18:08 | Create | Villager (Male) |
| 18:23 | Create | Militia |
| 18:41 | Build | House |
| 19:17 | Create | Villager (Male) |
| 19:19 | Build | Farm |
| 19:42 | Build | Blacksmith |
| 19:45 | Create | Villager (Male) |
| 19:48 | Create | Fishing Ship |
| 19:49 | Create | Fishing Ship |
| 20:09 | Research | Castle Age |
| 20:20 | Research | Forging |
| 20:39 | Build | Mill |
| 20:45 | Create | Villager (Male) |
| 21:18 | Build | Archery Range |
| 21:38 | Create | Villager (Male) |
| 21:52 | Create | Villager (Male) |
| 22:05 | Create | Fishing Ship |
| 22:05 | Create | Fishing Ship |
| 22:18 | Create | Spearman |
| 22:19 | Create | Spearman |
| 22:19 | Create | Spearman |
| 22:27 | Create | Skirmisher |
| 22:27 | Create | Skirmisher |
| 22:32 | Build | Farm |
| 22:36 | Build | Lumber Camp |
| 22:52 | Age | Castle Age |
| 22:59 | Build | Krepost |
| 23:04 | Create | Villager (Male) |
| 23:12 | Build | Stable |
| 23:16 | Build | Stable |
| 23:48 | Research | Fletching |
| 23:49 | Research | Scale Barding Armor |
| 24:08 | Build | Mining Camp |
| 24:16 | Research | Bloodlines |
| 24:37 | Build | Lumber Camp |
| 24:44 | Build | Town Center |
| 24:56 | Create | Knight |
| 24:56 | Create | Knight |
| 24:57 | Create | Knight |
| 24:57 | Create | Knight |
| 25:15 | Create | Knight |
| 25:15 | Create | Knight |
| 25:58 | Create | Villager (Male) |
| 25:58 | Create | Villager (Male) |
| 25:59 | Create | Villager (Male) |
| 26:21 | Build | Farm |
| 26:22 | Build | Farm |
| 26:22 | Build | Farm |
| 26:22 | Build | Farm |
| 26:22 | Build | Farm |
| 26:23 | Build | Farm |
| 26:23 | Build | Farm |
| 26:23 | Build | Farm |
| 26:24 | Build | Farm |
| 26:31 | Create | Villager (Male) |
| 26:33 | Create | Fishing Ship |
| 26:34 | Create | Fishing Ship |
| 27:15 | Create | Villager (Male) |
| 27:16 | Create | Villager (Male) |
| 27:16 | Create | Villager (Male) |
| 27:16 | Create | Villager (Male) |
| 27:23 | Build | Mining Camp |
| 27:28 | Create | Villager (Male) |
| 27:46 | Create | Fishing Ship |
| 27:46 | Create | Fishing Ship |
| 27:46 | Create | Fishing Ship |
| 27:48 | Create | Villager (Male) |
| 27:49 | Create | Villager (Male) |
Match timeline
| 0:23 | whythelongfaceimahorse · first_building Dock |
| 6:57 | CARLOMAGNO · first_building Dock |
| 9:40 | CARLOMAGNO · first_building Barracks |
| 10:17 | CARLOMAGNO · age_up feudal |
| 10:20 | whythelongfaceimahorse · first_building Barracks |
| 10:28 | whythelongfaceimahorse · wall_segment Palisade Wall x8 |
| 10:47 | whythelongfaceimahorse · age_up feudal |
| 12:15 | whythelongfaceimahorse · wall_segment Palisade Wall x3 |
| 12:33 | whythelongfaceimahorse · first_building Archery Range |
| 18:48 | CARLOMAGNO · first_market_sell 100 wood |
| 19:27 | CARLOMAGNO · first_market_buy 100 food |
| 20:52 | whythelongfaceimahorse · age_up castle |
| 21:18 | CARLOMAGNO · first_building Archery Range |
| 21:49 | whythelongfaceimahorse · first_building Monastery |
| 21:54 | whythelongfaceimahorse · first_building Stable |
| 22:52 | CARLOMAGNO · age_up castle |
| 22:59 | CARLOMAGNO · first_building Krepost |
| 23:12 | CARLOMAGNO · first_building Stable |
| 24:00 | whythelongfaceimahorse · first_market_buy 100 stone |
| 24:07 | whythelongfaceimahorse · first_building Castle |
| 24:49 | whythelongfaceimahorse · first_building Siege Workshop |
| 28:07 | whythelongfaceimahorse · wall_segment Palisade Wall x7 |
| 29:30 | whythelongfaceimahorse · wall_segment Palisade Wall x1 |
| 34:12 | whythelongfaceimahorse · wall_segment Stone Wall x6 |
| 37:30 | CARLOMAGNO · first_building Castle |
| 37:52 | whythelongfaceimahorse · age_up imperial |
| 38:46 | CARLOMAGNO · resign |
[ AI ANALYSIS · 1 CREDIT ]
What really happened in this match?
Wolo.gg analyzes every decision: build order, eco, micro, common mistakes by bracket. Personalized analysis on WhatsApp or Discord in 30 seconds.
Civ guide
Italians
Perfil
whythelongfaceimahorse